 Dungeon Sprint DCSS version 0.28.0 (webtiles) character file.

Game seed: 402130376043517919

3817987 rocky1 the Annihilator (level 22, 169/169 HPs)
             Began as a Gargoyle Ice Elementalist on Feb 9, 2022.
             Was the Champion of Sif Muna.
             Escaped with the Orb
             ... and 3 runes on Feb 10, 2022!
             The game lasted 02:47:28 (17644 turns).

rocky1 the Annihilator (Gargoyle Ice Elementalist) Turns: 17644, Time: 02:47:29

Health: 169/169    AC: 55    Str: 20    XL:     22   Next: 27%
Magic:  53/53      EV: 16    Int: 55    God:    Sif Muna [******]
Gold:   311        SH:  0    Dex: 11    Spells: 23/75 levels left

rFire   + + +      SeeInvis .   F - staff of fire
rCold   + . .      Faith    .   m - orb {*channel}
rNeg    + + +      Spirit   .   v - +0 plate armour "Boikh" {Int+7}
rPois   ∞          Reflect  .   f - +0 hat of Peek-a-Boo {rN++ Stlth+}
rElec   +          Harm     .   E - +2 cloak "Owoitr Atse" {-Tele rN+ Int+8}
rCorr   +          Rampage  .   u - +4 pair of gloves
Will    +....      NoTele   +   D - +4 pair of boots
Stlth   +.........              G - amulet of Vuasuz {RegenMP Dex+3}
HPRegen 0.38/turn               R - ring "Myjeel Fih" {rC+ rN+ rCorr Str+3 Int+4}
MPRegen 0.73/turn               C - ring of Tender Moments {*Corrode +Blink rF++ Str+6 Int+8}

@: flying
A: sickness immunity, AC +16, big wings, negative energy resistance 1,
electricity resistance, torment resistance 1, petrification resistance, clumsy 1
0: Orb of Zot
}: 3/3 runes: silver, golden, iron
a: Renounce Religion, Evoke Blink, Channel Magic, Forget Spell, Divine Exegesis


You escaped.
You worshipped Sif Muna.
Sif Muna was exalted by your worship.
You visited 1 branch You collected 311 gold pieces.

Inventory:

Hand Weapons
 e - the +3 lajatang "Akhlot" {vorpal, rElec rF+ Str+4 Int+2}
   (You found it in the Dungeon)

   It inflicts extra damage upon your enemies.
   Str:       It affects your strength (+4).
   Int:       It affects your intelligence (+2).
   rF:        It protects you from fire.
   rElec:     It insulates you from electricity.
 q - a +11 vampiric demon blade
Armour
 f - the +0 hat of Peek-a-Boo (worn) {rN++ Stlth+}
   (You found it in the Dungeon)

   rN:        It greatly protects you from negative energy.
   Stlth:     It makes you more stealthy.
 m - an orb of energy (worn)
 u - a +4 pair of gloves (worn)
 v - the +0 plate armour "Boikh" (worn) {Int+7}
   (You found it in the Dungeon)

   Int:       It affects your intelligence (+7).
 D - a +4 pair of boots (worn)
 E - the +2 cloak "Owoitr Atse" (worn) {-Tele rN+ Int+8}
   (You found it in the Dungeon)

   Int:       It affects your intelligence (+8).
   rN:        It protects you from negative energy.
   -Tele:     It prevents most forms of teleportation.
Magical Staves
 F - a staff of fire (weapon)
Jewellery
 C - the ring of Tender Moments (right hand) {*Corrode +Blink rF++ Str+6 Int+8}
   (You found it in the Dungeon)

   [ring of strength]

   Str:       It affects your strength (+6).
   Int:       It affects your intelligence (+8).
   rF:        It greatly protects you from fire.
   +Blink:    It lets you blink.
   *Corrode:  It may corrode you when you take damage.
 G - the amulet of Vuasuz (around neck) {RegenMP Dex+3}
   (You found it in the Dungeon)

   [amulet of magic regeneration]

   It increases your rate of magic regeneration.
   Dex:       It affects your dexterity (+3).
 R - the ring "Myjeel Fih" (left hand) {rC+ rN+ rCorr Str+3 Int+4}
   (You found it in the Dungeon)

   [ring of protection from cold]

   Str:       It affects your strength (+3).
   Int:       It affects your intelligence (+4).
   rC:        It protects you from cold.
   rN:        It protects you from negative energy.
   rCorr:     It protects you from acid and corrosion.
Wands
 a - a wand of paralysis (11)
 g - a wand of flame (33)
 P - a wand of iceblast (14)
Scrolls
 p - 5 scrolls of identify
 w - 3 scrolls of enchant armour
 y - 4 scrolls of fog
 A - 4 scrolls of enchant weapon
 I - a scroll of immolation
 J - 4 scrolls of blinking
 K - 4 scrolls of fear
Potions
 b - 15 potions of curing
 c - 5 potions of heal wounds
 d - 9 potions of haste
 h - a potion of invisibility
 j - 5 potions of magic
 k - 2 potions of might
 l - a potion of ambrosia
 n - 4 potions of brilliance
 o - a potion of resistance
 s - 3 potions of attraction
 t - 6 potions of mutation
 x - 5 potions of berserk rage
 M - 2 potions of lignification
Miscellaneous
 i - the horn of Geryon
 r - a phantom mirror
 z - a lightning rod (4/4)
 B - a condenser vane
 N - a tin of tremorstones (2/2)


   Skills:
 O Level 27 Fighting
 - Level 14.0 Staves
 O Level 27 Armour
 + Level 25.9 Dodging
 + Level 14.1 Stealth
 O Level 27 Spellcasting
 O Level 27 Conjurations
 O Level 27 Fire Magic
 O Level 27 Ice Magic
 O Level 27 Earth Magic
 + Level 23.7 Invocations
 O Level 27 Evocations


You had 23 spell levels left.
You knew the following spells:

 Your Spells              Type           Power      Damage    Failure   Level
a - Iron Shot             Conj/Erth      76%        9d14      0%          6
b - Orb of Destruction    Conj           76%        9d17      0%          7
c - Ignition              Fire           90%        3d23      1%          8
d - Fire Storm            Conj/Fire      90%        8d23      1%          9
e - Lehudib's Crystal Sp  Conj/Erth      76%        10d17     1%          8
f - Polar Vortex          Ice            76%        N/A       1%          9
i - Lee's Rapid Deconstr  Erth           76%        3d35*     0%          5

Your spell library contained the following spells:

 Spells                   Type           Power      Damage    Failure   Level
 Foxfire                  Conj/Fire      100%       2x1d9     0%          1
 Freeze                   Ice            100%       1d11      0%          1
 Magic Dart               Conj           100%       1d8       0%          1
 Sandblast                Erth           100%       2d20      0%          1
 Shock                    Conj/Air       100%       1d9       0%          1
 Ensorcelled Hibernation  Hex/Ice        100%       N/A       0%          2
 Passwall                 Tmut/Erth      100%       N/A       0%          2
 Scorch                   Fire           100%       2d10      0%          2
 Searing Ray              Conj           100%       2d8       0%          2
 Static Discharge         Conj/Air       100%       N/A       0%          2
 Conjure Flame            Conj/Fire      100%       6-21      0%          3
 Dazzling Flash           Conj/Hex       100%       N/A       0%          3
 Frozen Ramparts          Ice            100%       1d12      0%          3
 Inner Flame              Hex/Fire       100%       N/A       0%          3
 Ozocubu's Armour         Ice            100%       N/A       0%          3
 Stone Arrow              Conj/Erth      100%       3d13      0%          3
 Flame Wave               Conj/Fire      100%       2d17      0%          4
 Hailstorm                Conj/Ice       100%       3d20      0%          4
 Sticky Flame             Conj/Fire      100%       2d11      0%          4
 Fireball                 Conj/Fire      90%        3d33      0%          5
 Freezing Cloud           Conj/Ice/Air   67%        6-21      0%          5
 Iskenderun's Battlesphe  Conj           100%       2d15      0%          5
 Starburst                Conj/Fire      90%        6d23      0%          6
 Ozocubu's Refrigeration  Ice            76%        4d20      0%          7
 Animate Skeleton         Necr           100%       N/A       1%          1
 Apportation              Tloc           100%       N/A       1%          1
 Beastly Appendage        Tmut           100%       N/A       1%          1
 Pain                     Necr           100%       1d9       1%          1
 Slow                     Hex            100%       N/A       1%          1
 Sting                    Tmut/Pois      100%       1d8       1%          1
 Summon Small Mammal      Summ           100%       N/A       1%          1
 Blink                    Tloc           100%       N/A       1%          2
 Call Imp                 Summ           65%        N/A       1%          2
 Corpse Rot               Necr/Air       100%       N/A       1%          2
 Poisonous Vapours        Pois/Air       100%       N/A       1%          2
 Wereblood                Tmut           65%        N/A       1%          2
 Call Canine Familiar     Summ           65%        N/A       1%          3
 Confusing Touch          Hex            65%        N/A       1%          3
 Gell's Gravitas          Tloc           65%        N/A       1%          3
 Ignite Poison            Fire/Tmut/Pois 100%       N/A       1%          3
 Lesser Beckoning         Tloc           65%        N/A       1%          3
 Mephitic Cloud           Conj/Pois/Air  100%       N/A       1%          3
 Portal Projectile        Hex/Tloc       100%       N/A       1%          3
 Spider Form              Tmut/Pois      65%        N/A       1%          3
 Summon Guardian Golem    Hex/Summ       65%        N/A       1%          3
 Swiftness                Air            65%        N/A       1%          3
 Teleport Other           Tloc           65%        N/A       1%          3
 Tukima's Dance           Hex            65%        N/A       1%          3
 Vampiric Draining        Necr           65%        2d10      1%          3
 Animate Armour           Summ/Erth      100%       N/A       1%          4
 Fulminant Prism          Conj/Hex       61%        3d27      1%          4
 Ice Form                 Ice/Tmut       100%       N/A       1%          4
 Iskenderun's Mystic Bla  Conj/Tloc      100%       2d19      1%          4
 Leda's Liquefaction      Hex/Erth       61%        N/A       1%          4
 Petrify                  Tmut/Erth      100%       N/A       1%          4
 Summon Ice Beast         Ice/Summ       100%       N/A       1%          4
 Borgnjor's Vile Clutch   Necr/Erth      61%        N/A       1%          5
 Irradiate                Conj/Tmut      61%        3d34      1%          5
 Lightning Bolt           Conj/Air       61%        1d84      1%          5
 Metabolic Englaciation   Hex/Ice        61%        N/A       1%          5
 Conjure Ball Lightning   Conj/Air       61%        3x3d22    1%          6
 Simulacrum               Ice/Necr       61%        N/A       1%          6
 Spellforged Servitor     Conj/Summ      61%        N/A       1%          7
 Shatter                  Erth           76%        3d56*     1%          9
 Airstrike                Air            32%        N/A       4%          4
 Anguish                  Hex/Necr       32%        N/A       4%          4
 Animate Dead             Necr           32%        N/A       4%          4
 Cause Fear               Hex            32%        N/A       4%          4
 Dispel Undead            Necr           65%        3d22      4%          4
 Olgreb's Toxic Radiance  Pois           65%        N/A       4%          4
 Passage of Golubria      Tloc           65%        N/A       4%          4
 Summon Lightning Spire   Summ/Air       65%        N/A       4%          4
 Agony                    Necr           65%        N/A       13%         5
 Alistair's Intoxication  Tmut/Pois      43%        N/A       13%         5
 Blade Hands              Tmut           32%        N/A       13%         5
 Excruciating Wounds      Necr           32%        N/A       13%         5
 Manifold Assault         Tloc           65%        N/A       13%         5
 Silence                  Hex/Air        32%        N/A       13%         5
 Summon Forest            Summ/Tloc      32%        N/A       13%         5
 Summon Mana Viper        Hex/Summ       65%        N/A       13%         5
 Yara's Violent Unravell  Hex/Tmut       32%        3d13      13%         5
 Death Channel            Necr           32%        N/A       56%         6
 Dispersal                Tloc           32%        N/A       56%         6
 Eringya's Noxious Bog    Tmut/Pois      32%        N/A       56%         6
 Summon Cactus Giant      Summ           32%        N/A       56%         6
 Chain Lightning          Conj/Air       61%        3d81      88%         9
 Dragon Form              Tmut           32%        N/A       98%         7
 Enfeeble                 Hex            32%        N/A       98%         7
 Haunt                    Necr/Summ      32%        N/A       98%         7
 Malign Gateway           Summ/Tloc      32%        N/A       98%         7
 Monstrous Menagerie      Summ           32%        N/A       98%         7
 Storm Form               Tmut/Air       32%        N/A       98%         7
 Summon Hydra             Summ           32%        N/A       98%         7
 Borgnjor's Revivificati  Necr           32%        N/A       100%        8
 Discord                  Hex            32%        N/A       100%        8
 Disjunction              Tloc           32%        N/A       100%        8
 Infestation              Necr           32%        N/A       100%        8
 Maxwell's Capacitive Co  Air            32%        ∞         100%        8
 Necromutation            Tmut/Necr      32%        N/A       100%        8
 Summon Horrible Things   Summ           32%        N/A       100%        8
 Death's Door             Necr           32%        N/A       100%        9
 Dragon's Call            Summ           32%        N/A       100%        9
 Statue Form              Tmut/Erth      Unusable   N/A       N/A         6

Dungeon Overview and Level Annotations

Branches:
Dungeon (1/1)

Altars:
Ashenzari
Cheibriados
Dithmenos
Elyvilon
Fedhas
Gozag
Hepliaklqana
Kikubaaqudgha
Makhleb
Nemelex Xobeh
Okawaru
Qazlal
Ru
Sif Muna
Trog
Uskayaw
Vehumet
Wu Jian
Xom
Yredelemnul
Zin
The Shining One
Beogh
Jiyva
Lugonu


Innate Abilities, Weirdness & Mutations

You are immune to sickness and miasma.
Your stone body is resilient. (AC +16)
You are immune to poison.
Your large and strong wings let you fly.
You resist negative energy. (rN+)
You are resistant to electric shocks. (rElec)
You are resistant to unholy torment.
You are immune to petrification.
You are clumsy. (Dex -2)


Message History

The Ice Fiend is burned terribly!
You kill the Ice Fiend!
Sif Muna accepts your kill.
You start resting.
Magic restored.
You start resting.
An Orb Guardian comes into view.
Casting: Fire Storm (dangerous; 1% risk of failure)
Confirm with . or Enter, or press ? or * to list all spells.
Aiming: Fire Storm (dangerous; 1% risk of failure)
Press: ? - help, Dir - move target You feel a surge of power!
A raging storm of fire appears!
The great blast of fire engulfs the Orb Guardian!!!!
The Orb Guardian is almost dead.
Unknown command.
The Orb Guardian is engulfed in blazing flames.
You kill the Orb Guardian!
Sif Muna accepts your kill.
Your Stealth skill increases to level 14!
You start resting.
Magic restored.
You start resting.
A hellwing comes into view.
Aiming: Lehudib's Crystal Spear (mildly dangerous; 1% risk of failure)
Press: ? - help, Q - select action, (/) - cycle Shift-Dir - straight line, f - hellwing
Aim: a hellwing (wandering, hasn't noticed you, 85% to hit)
The crystal spear hits the hellwing!!!!
You kill the hellwing!
Sif Muna accepts your kill. Magical energy flows into your mind!
You hear a roar! x2
Things that are here:
a +0 robe; a +0 short sword
There is a huge open gate here.
There is a huge open gate leading to the Armoury (Hard) here.
There is an open door to the Entrance Hall (Safe) here.
There is a staircase leading out of the dungeon here.
You can't go down here!
There is a staircase leading out of the dungeon here.
You have escaped!

##########)##................''..
#.....).....'................''..
#'#####)#####......#..#......##.[
#.#...#.#[[##................##..
#.#...#)#))#####'#####''#########
#.#...'.#))##.......##''# ##### #
#.##'####))##.......##..###...###
#.#.....#..##.......##...##...##.
#.#.....#'###...@...###...##'##..
#.#........##.......# ##.).......
#.#........##.......###).###'###.
#'###########.......##..##.....##
#.......#.. ##########..[.......'
#..###..#.############..##.....##
#.......#)#....#..[.###..###'###.
##.###.##)#÷...#..[.# ##.....)...
#.......#.'÷...'..))###...##'##..


There were no monsters in sight!

Vanquished Creatures
  Khufu (D)
  4 orbs of fire (D)
  6 ancient liches (D)
  8 royal mummies (D)
  the Lernaean hydra (D)
  2 Killer Klowns (D)
  Margery (D)
  Boris (D)
  Xtahua (D)
  Frederick (D)
  A curse toe (D)
  Geryon (D)
  10 golden dragons (D)
  Nikola (D)
  Jory (D)
  A profane servitor (D)
  5 pandemonium lords (D)
  A bone dragon (D)
  An electric golem (D)
  4 pearl dragons (D)
  6 Brimstone Fiends (D)
  4 Tzitzimimeh (D)
  A hellephant (D)
  5 Ice Fiends (D)
  28 Orb Guardians (D)
  7 quicksilver dragons (D)
  4 Hell Sentinels (D)
  7 titans (D)
  A lich (D)
  4 deep elf blademasters (D)
  2 deep elf master archers (D)
  3 acid blobs (D)
  2 Executioners (D)
  3 sphinxes (D)
  A death cob (D)
  Agnes (D)
  5 draconian monks (D)
  8 shadow dragons (D)
  2 nagarajas (D)
  A daeva (D)
  A demonspawn warmonger (D)
  5 storm dragons (D)
  A rockslime (D)
  A frost giant (D)
  4 fire giants (D)
  9 iron dragons (D)
  3 azure jellies (D)
  Louise (D)
  3 orc warlords (D)
  2 draconian knights (D)
  3 ghost moths (D)
  5 balrugs (D)
  2 emperor scorpions (D)
  A cacodemon (D)
  2 draconian stormcallers (D)
  A draconian scorcher (D)
  A draconian shifter (D)
  2 deep elf sorcerers (D)
  3 reapers (D)
  A ghoul (D)
  A demonspawn blood saint (D)
  6 stone giants (D)
  A deep elf demonologist (D)
  A lorocyproca (D)
  2 black draconians (D)
  An apis (D)
  2 deep elf annihilators (D)
  4 green draconians (D)
  A purple draconian (D)
  A red draconian (D)
  A minotaur (D)
  3 white draconians (D)
  A dire elephant (D)
  A yellow draconian (D)
  4 blizzard demons (D)
  3 deep elf death magi (D)
  A green death (D)
  A deep elf high priest (D)
  2 ettins (D)
  13 fire dragons (D)
  2 great orbs of eyes (D)
  2 hell beasts (D)
  Erolcha (D)
  2 yaktaur captains (D)
  2 naga warriors (D)
  6 ogre magi (D)
  5 vault guards (D)
  12 ice dragons (D)
  A centaur warrior (D)
  3 anacondas (D)
  2 boulder beetles (D)
  18 hydras (D)
  A catoblepas (D)
  8 two-headed ogres (D)
  An alligator snapping turtle (D)
  A dancing weapon (D)
  4 death knights (D)
  4 deep troll shamans (D)
  3 vampire magi (D)
  A deep troll earth mage (D)
  An alligator (D)
  3 spriggan berserkers (D)
  4 hell knights (D)
  3 soul eaters (D)
  A fire crab (D)
  3 deep elf knights (D)
  8 iron trolls (D)
  11 swamp dragons (D)
  23 deep trolls (D)
  3 bog bodies (D)
  A wizard (D)
  10 orc knights (D)
  A necromancer (D)
  2 lindwurms (D)
  A phantasmal warrior (D)
  A wolf spider (D)
  An orc sorcerer (D)
  2 ugly things (D)
  A deep elf zephyrmancer (D)
  4 cyclopes (D)
  Maurice (D)
  A moth of wrath (D)
  A guardian serpent (D)
  A black mamba (D)
  2 naga magi (D)
  5 smoke demons (D)
  A rime drake (D)
  3 hellions (D)
  An efreet (D)
  An unseen horror (D)
  A tormentor (D)
  A freezing wraith (D)
  8 hellwings (D)
  5 yaktaurs (D)
  An ice devil (D)
  A wandering mushroom (D)
  A guardian mummy (D)
  A tyrant leech (D)
  11 trolls (D)
  6 hornets (D)
  2 tarantellas (D)
  A snapping turtle (D)
  2 jumping spiders (D)
  2 vampires (D)
  2 shadows (D)
  8 yaks (D)
  5 spriggans (D)
  2 basilisks (D)
  A wyvern (D)
  A ynoxinul (D)
  A fire bat (D)
  9 golden eyes (D)
  2 redbacks (D)
  A steam dragon (D)
  2 wargs (D)
  An acid dragon (D)
  3 nagas (D)
  A water moccasin (D)
  Duvessa (D)
  A floating eye (D)
  A sky beast (D)
  3 orc warriors (D)
  3 wolves (D)
  A centaur (D)
  4 ogres (D)
  A kobold brigand (D)
  A bullfrog (D)
  An earth elemental (D)
  Dowan (D)
  8 killer bees (D)
  A wight (D)
  An orc priest (D)
  Crazy Yiuf (D)
  A gnoll shaman (D)
  An iron imp (D)
  An iguana (D)
  An orc wizard (D)
  A hell rat (D)
  2 mummies (D)
  A gnoll (D)
  A river rat (D)
  2 white imps (D)
  An adder skeleton (D)
  10 orcs (D)
  A ball python (D)
  4 giant cockroaches (D)
  A bat (D)
  A giant cockroach zombie (D)
  2 kobolds (D)
  A rat (D)
571 creatures vanquished.

Vanquished Creatures (collateral kills)
  A bone dragon (D)
  Rupert (D)
  An Orb Guardian (D)
  A titan (D)
  2 deep elf master archers (D)
  A daeva (D)
  An iron dragon (D)
  An angel (D)
  A dire elephant (D)
  A yellow draconian (D)
  An ettin (D)
  2 fire dragons (D)
  A mummy priest (D)
  A green death (D)
  A naga warrior (D)
  2 deep troll earth magi (D)
  A two-headed ogre (shapeshifter) (D)
  2 deep trolls (D)
  A wolf spider (D)
  A salamander (D)
  A guardian serpent (D)
  A freezing wraith (D)
  A naga (D)
  A necrophage (D)
28 creatures vanquished.

Vanquished Creatures (others)
  A lich (D)
  A hell knight (D)
  An unseen horror (D)
  A golden eye (D)
  A naga (D)
  182 fire vortices (D)
187 creatures vanquished.

Grand Total: 786 creatures vanquished

Notes
Turn   | Place    | Note
-------+----------+-------------------------------------------
     0 | D        | rocky1 the Gargoyle Ice Elementalist began the quest for
                  | the Orb.
     0 | D        | Reached XP level 1. HP: 10/10 MP: 3/3
    19 | D        | Found a bloodstained altar of Trog.
    19 | D        | Found a shimmering blue altar of Sif Muna.
    19 | D        | Found a viscous altar of Jiyva.
    19 | D        | Found a hazy altar of Hepliaklqana.
    19 | D        | Found an opulent altar of Gozag.
    20 | D        | Found a glowing golden altar of the Shining One.
    20 | D        | Found a glowing silver altar of Zin.
    20 | D        | Found a basalt altar of Yredelemnul.
    20 | D        | Found a shimmering altar of Xom.
    20 | D        | Found an ornate altar of the Wu Jian Council.
    20 | D        | Found a sacrificial altar of Ru.
    20 | D        | Found a stormy altar of Qazlal.
    20 | D        | Found an iron altar of Okawaru.
    20 | D        | Found a sparkling altar of Nemelex Xobeh.
    20 | D        | Found a burning altar of Makhleb.
    20 | D        | Found a blossoming altar of Fedhas.
    20 | D        | Found a white marble altar of Elyvilon.
    20 | D        | Found a shadowy altar of Dithmenos.
    20 | D        | Found a snail-covered altar of Cheibriados.
    23 | D        | Found a corrupted altar of Lugonu.
    23 | D        | Found a radiant altar of Vehumet.
    24 | D        | Found an ancient bone altar of Kikubaaqudgha.
    24 | D        | Found a hide-covered altar of Uskayaw.
    24 | D        | Found a broken altar of Ashenzari.
    25 | D        | Became a worshipper of Sif Muna the Loreminder
    69 | D        | Reached skill level 5 in Ice Magic
   209 | D        | Reached * piety under Sif Muna
   212 | D        | Reached XP level 2. HP: 15/15 MP: 5/5
   323 | D        | Reached ** piety under Sif Muna
   483 | D        | Noticed a floating eye
   484 | D        | Paralysed by a floating eye for 3 turns
   489 | D        | Killed a floating eye
   490 | D        | Reached XP level 3. HP: 24/24 MP: 4/8
   490 | D        | Reached XP level 4. HP: 29/29 MP: 5/10
   676 | D        | Learned a level 3 spell: Frozen Ramparts
   680 | D        | Learned a level 3 spell: Ozocubu's Armour
   685 | D        | Learned a level 4 spell: Hailstorm
   689 | D        | Noticed a sky beast
   690 | D        | Noticed a fire bat
   696 | D        | Killed a sky beast
   697 | D        | Reached skill level 5 in Fighting
   697 | D        | Reached skill level 5 in Spellcasting
   697 | D        | Reached skill level 5 in Invocations
   697 | D        | Reached XP level 5. HP: 29/36 MP: 1/12
   781 | D        | Killed a fire bat
   781 | D        | Reached *** piety under Sif Muna
   782 | D        | Reached XP level 6. HP: 14/42 MP: 8/15
  1026 | D        | Reached **** piety under Sif Muna
  1290 | D        | Noticed a freezing wraith
  1296 | D        | Killed a freezing wraith
  1297 | D        | Reached XP level 7. HP: 42/50 MP: 15/17
  1514 | D        | Reached skill level 10 in Ice Magic
  1514 | D        | Reached ***** piety under Sif Muna
  1515 | D        | Reached skill level 1 in Conjurations
  1605 | D        | Noticed a bog body
  1617 | D        | Killed a bog body
  1618 | D        | Reached skill level 5 in Conjurations
  1618 | D        | Reached skill level 10 in Invocations
  1618 | D        | Reached XP level 8. HP: 23/55 MP: 7/19
  1888 | D        | Got the +2 halberd "Cuagooti" {vorpal, Dex+3}
  2157 | D        | Noticed a ynoxinul
  2157 | D        | Noticed Duvessa
  2157 | D        | Noticed Dowan
  2157 | D        | Noticed a troll
  2161 | D        | Killed Dowan
  2161 | D        | Killed a troll
  2161 | D        | Received a gift from Sif Muna
  2162 | D        | Noticed a deep elf zephyrmancer
  2162 | D        | Killed Duvessa
  2163 | D        | Reached XP level 9. HP: 43/60 MP: 4/20
  2167 | D        | Got Sif Muna's Volume of the Dusty Glacier {god gift}
  2186 | D        | Killed a deep elf zephyrmancer
  2333 | D        | Learned a level 3 spell: Stone Arrow
  2375 | D        | Noticed Erolcha
  2391 | D        | Killed Erolcha
  2392 | D        | Reached skill level 10 in Conjurations
  2625 | D        | Noticed a tyrant leech
  2634 | D        | Noticed an orc sorcerer
  2648 | D        | Killed an orc sorcerer
  2649 | D        | Reached skill level 5 in Earth Magic
  2649 | D        | Reached XP level 10. HP: 39/65 MP: 11/22
  2786 | D        | Received a gift from Sif Muna
  2946 | D        | Reached ****** piety under Sif Muna
  3101 | D        | Noticed a lindwurm
  3106 | D        | Killed a lindwurm
  3106 | D        | Received a gift from Sif Muna
  3107 | D        | Got Sif Muna's Guide on Attacks {god gift}
  3323 | D        | Noticed Maurice
  3330 | D        | Killed Maurice
  3331 | D        | Reached skill level 10 in Spellcasting
  3552 | D        | Noticed a great orb of eyes
  3557 | D        | Killed a great orb of eyes
  3558 | D        | Reached skill level 15 in Ice Magic
  3558 | D        | Reached skill level 10 in Earth Magic
  3827 | D        | Learned a level 6 spell: Starburst
  3835 | D        | Killed an unseen horror
  3836 | D        | Reached XP level 11. HP: 58/69 MP: 19/25
  3997 | D        | Learned a level 6 spell: Iron Shot
  3997 | D        | Noticed Crazy Yiuf
  3999 | D        | Received a gift from Sif Muna
  3999 | D        | Killed Crazy Yiuf
  3999 | D        | Noticed a cyclops
  4000 | D        | Received a gift from Sif Muna
  4012 | D        | Killed a cyclops
  4014 | D        | Reached skill level 5 in Fire Magic
  4244 | D        | Got Sif Muna's Compendium of Curses and Earth {god gift}
  4510 | D        | Noticed a wolf spider
  4513 | D        | Received a gift from Sif Muna
  4514 | D        | Reached skill level 1 in Evocations
  4516 | D        | Killed a wolf spider
  4825 | D        | Got Sif Muna's Guide on Creative Lightness {god gift}
  4833 | D        | Learned a level 5 spell: Freezing Cloud
  5076 | D        | Noticed a cyan ugly thing
  5076 | D        | Noticed a five-headed hydra
  5076 | D        | Noticed a frost giant
  5076 | D        | Noticed a spriggan rider
  5076 | D        | Noticed a titan
  5076 | D        | Noticed a fire crab
  5076 | D        | Noticed a death knight
  5076 | D        | Noticed an emperor scorpion
  5077 | D        | Killed a spriggan rider
  5078 | D        | Killed an emperor scorpion
  5078 | D        | Killed a death knight
  5078 | D        | Killed a cyan ugly thing
  5078 | D        | Received a gift from Sif Muna
  5078 | D        | Killed a titan
  5079 | D        | Reached skill level 5 in Evocations
  5079 | D        | Reached XP level 12. HP: 49/75 MP: 8/28
  5079 | D        | Killed a frost giant
  5083 | D        | Killed a five-headed hydra
  5085 | D        | Reached skill level 15 in Earth Magic
  5222 | D        | Got the Catalogue of the Glacier and Clay
  5242 | D        | Got Sif Muna's Papyrus of Frigorific Shape Shifting {god
                  | gift}
  5260 | D        | Noticed an ogre mage
  5260 | D        | Noticed a two-headed ogre
  5262 | D        | Noticed a death cob
  5264 | D        | Killed a two-headed ogre
  5265 | D        | Killed a death cob
  5272 | D        | Learned a level 5 spell: Lee's Rapid Deconstruction
  5272 | D        | Killed an ogre mage
  5272 | D        | Received a gift from Sif Muna
  5273 | D        | Got Sif Muna's Reference Book on Earthen Flames {god gift}
  5277 | D        | Noticed a deep troll earth mage
  5279 | D        | Noticed a boulder beetle
  5282 | D        | Noticed a minotaur
  5283 | D        | Killed a deep troll earth mage
  5283 | D        | Noticed a vampire mage
  5284 | D        | Noticed a deep troll shaman
  5286 | D        | Killed a deep troll shaman
  5286 | D        | Noticed a storm dragon
  5287 | D        | Killed a vampire mage
  5288 | D        | Reached skill level 10 in Fire Magic
  5289 | D        | Killed a minotaur
  5289 | D        | Noticed an iron troll
  5293 | D        | Killed a storm dragon
  5296 | D        | Reached XP level 13. HP: 27/79 MP: 22/30
  5303 | D        | Received a gift from Sif Muna
  5306 | D        | Reached skill level 15 in Conjurations
  5316 | D        | Received a gift from Sif Muna
  6046 | D        | Got Siax's Catalogue of Battle Magic and Changing
  6148 | D        | Noticed a ghost moth
  6177 | D        | HP: 3/79 [ghost moth (4)]
  6183 | D        | Killed a ghost moth
  6659 | D        | Received a gift from Sif Muna
  6663 | D        | Got Sif Muna's Volume of Doomed Envenoming {god gift}
  6940 | D        | Noticed Agnes
  6940 | D        | Noticed an orc warlord
  6940 | D        | Noticed an orc warlord
  6950 | D        | Killed Agnes
  6958 | D        | Killed an orc warlord
  6958 | D        | Received a gift from Sif Muna
  6972 | D        | Killed an orc warlord
  6973 | D        | Reached skill level 10 in Fighting
  7118 | D        | Reached skill level 10 in Evocations
  7208 | D        | Got Sif Muna's Almanac of Ghastly Malediction {god gift}
  7365 | D        | Noticed a deep elf blademaster
  7369 | D        | Killed a deep elf blademaster
  7369 | D        | Received a gift from Sif Muna
  7381 | D        | Gained mutation: Your large and strong wings let you fly.
                  | [Gargoyle growth]
  7381 | D        | Reached XP level 14. HP: 71/88 MP: 19/32
  7423 | D        | Reached skill level 15 in Spellcasting
  7682 | D        | Received a gift from Sif Muna
  7683 | D        | Got Xuhah's Reference Book on Quantum Companions {god gift}
  7890 | D        | Noticed an orc warlord
  7896 | D        | Reached skill level 5 in Armour
  7899 | D        | Killed an orc warlord
  7899 | D        | Received a gift from Sif Muna
  8085 | D        | Got the +3 lajatang "Akhlot" {vorpal, rElec rF+ Str+4
                  | Int+2}
  8118 | D        | Received a gift from Sif Muna
  8119 | D        | Reached skill level 5 in Dodging
  8131 | D        | Got Sif Muna's Volume of Toxins and the Glacier {god gift}
  8332 | D        | Noticed an emperor scorpion
  8336 | D        | Killed an emperor scorpion
  8336 | D        | Noticed a fire giant
  8345 | D        | Noticed a bone dragon
  8345 | D        | Received a gift from Sif Muna
  8346 | D        | Killed a fire giant
  8348 | D        | Reached skill level 15 in Fire Magic
  8349 | D        | Noticed a deep elf master archer
  8360 | D        | Killed a bone dragon
  8360 | D        | Received a gift from Sif Muna
  8363 | D        | Noticed a deep elf master archer
  8365 | D        | Noticed Rupert
  8369 | D        | Killed a deep elf master archer
  8370 | D        | Killed a deep elf master archer
  8370 | D        | Killed Rupert
  8384 | D        | Got Oczoppof's Disquisition on Changing and the Volcanoes
                  | {god gift}
  8392 | D        | Reached XP level 15. HP: 77/92 MP: 14/37
  8402 | D        | Received a gift from Sif Muna
  8403 | D        | Got Sif Muna's Almanac of Ice and Dislocation {god gift}
  8552 | D        | Learned a level 7 spell: Orb of Destruction
  8761 | D        | Noticed a fire giant
  8765 | D        | Killed a fire giant
  8858 | D        | Received a gift from Sif Muna
  8859 | D        | Got Sif Muna's Handbook of Freezing Toxins {god gift}
  8876 | D        | Noticed a storm dragon
  8885 | D        | Killed a storm dragon
  8888 | D        | Noticed a shadow dragon
  8891 | D        | Noticed a nagaraja
  8897 | D        | Killed a shadow dragon
  8904 | D        | Killed a nagaraja
  9051 | D        | Noticed Louise
  9058 | D        | Killed Louise
  9058 | D        | Received a gift from Sif Muna
  9059 | D        | Got Sif Muna's Tome of the Blaze and Cold {god gift}
  9271 | D        | Got Mohaduh's Grimoire of Cloudy Stones
  9272 | D        | Noticed a titan
  9275 | D        | Got the Guide on Snow and the Birds
  9276 | D        | Noticed a daeva
  9277 | D        | Noticed an angel
  9278 | D        | Killed a titan
  9283 | D        | Killed an angel
  9295 | D        | Killed a daeva
  9295 | D        | Received a gift from Sif Muna
  9311 | D        | Learned a level 8 spell: Ignition
  9420 | D        | Got Sif Muna's Volume of Creation and the Voyage {god gift}
  9551 | D        | Got the +0 hat of Peek-a-Boo {rN++ Stlth+}
  9635 | D        | Noticed a titan
  9636 | D        | Received a gift from Sif Muna
  9636 | D        | Received a gift from Sif Muna
  9636 | D        | Received a gift from Sif Muna
  9636 | D        | Received a gift from Sif Muna
  9636 | D        | Killed a titan
  9636 | D        | Received a gift from Sif Muna
  9636 | D        | Received a gift from Sif Muna
  9637 | D        | Reached XP level 16. HP: 85/97 MP: 31/42
  9645 | D        | Received a gift from Sif Muna
  9649 | D        | Received a gift from Sif Muna
  9765 | D        | Got Sif Muna's Reference Book on Calling {god gift}
  9772 | D        | Got Acejax Wuas's Reference Book on Creative Transmigration
                  | {god gift}
  9772 | D        | Got Sif Muna's Tome of Entrancing Dark Secrets {god gift}
  9825 | D        | Got a silver rune of Zot
  9878 | D        | Got the +0 plate armour "Boikh" {Int+7}
  9958 | D        | Got Sif Muna's Disquisition on Battle Magic {god gift}
  9958 | D        | Got Sif Muna's Volume of the Snowflakes and Shape Shifting
                  | {god gift}
  9958 | D        | Got Ypho Poror's Compendium of Fire and Confrontation {god
                  | gift}
  9974 | D        | Learned a level 9 spell: Fire Storm
 10083 | D        | Noticed a sphinx
 10086 | D        | Noticed a green draconian monk
 10087 | D        | Received a gift from Sif Muna
 10088 | D        | Killed a lich
 10094 | D        | Killed a green draconian monk
 10097 | D        | Noticed a storm dragon
 10099 | D        | Killed a storm dragon
 10099 | D        | Killed an azure jelly
 10100 | D        | Reached skill level 10 in Armour
 10109 | D        | Noticed an ancient lich
 10110 | D        | Noticed a shadow dragon
 10111 | D        | Killed a sphinx
 10111 | D        | Noticed an ancient lich
 10113 | D        | Killed an ancient lich
 10113 | D        | Received a gift from Sif Muna
 10113 | D        | Killed a shadow dragon
 10113 | D        | Noticed a nagaraja
 10115 | D        | Killed a nagaraja
 10117 | D        | Killed an ancient lich
 10118 | D        | Reached skill level 27 in Conjurations
 10118 | D        | Reached XP level 17. HP: 40/102 MP: 4/45
 10177 | D        | Noticed Margery
 10185 | D        | Killed Margery
 10185 | D        | Received a gift from Sif Muna
 10345 | D        | Got Sif Muna's Grimoire of Creative Shape Shifting {god
                  | gift}
 10398 | D        | Noticed a deep elf blademaster
 10405 | D        | Killed a deep elf blademaster
 10555 | D        | Got the amulet of Beauty {Spirit +Inv Will+ Dex+4}
 10557 | D        | Got the amulet "Etwumoith" {Spirit Regen+ Dex+3}
 10559 | D        | Got the amulet of Nemelex Xobeh's Hope {Reflect MP+9 SH+5}
 10561 | D        | Got the ring of Qoesoiri {AC+6 Dex+6}
 10563 | D        | Got the ring "Vouceh" {*Corrode rPois rN+++ Will+ SInv}
 10565 | D        | Got the ring "Olu Hyas" {Fire rN++ MP+9 Int-2 SInv}
 10567 | D        | Got the ring of Cuekk {rCorr EV+6 Str+4 Dex+2 Stlth+}
 10569 | D        | Got the ring "Bojist" {rPois Str+6}
 10571 | D        | Got the amulet of Etorozei {Will+ Regen+ Str+4}
 10575 | D        | Got the amulet "Deekuc" {rN+ Regen+ rCorr Dex+3}
 10577 | D        | Got the amulet of the Magpie {RegenMP rElec rF+ rN++ Int-3}
 10579 | D        | Got the ring "Xydwawes" {Ice MP+9 Str+3 Dex+3}
 10598 | D        | Got the ring "Qinal" {Drain rN+ Str+6 Dex+4}
 10600 | D        | Got the amulet of Qukorch {Spirit Rampage *Corrode Slay+3}
 10602 | D        | Got the amulet "Savelol" {Reflect SH+5 Stlth+}
 10606 | D        | Got the amulet of Gozag's Favour {Spirit Str+4 Dex+4}
 10608 | D        | Got the amulet "Vail" {Faith Int+2}
 10610 | D        | Got the ring "Myjeel Fih" {rC+ rN+ rCorr Str+3 Int+4}
 10612 | D        | Got the ring "Ucat" {rF+ rC- rN+ Int+6 Dex+5}
 10614 | D        | Got the ring "Qiupnuw" {*Slow +Blink rPois EV+6 Str+10}
 10646 | D        | Got the ring "Unigh" {rN+ Int+3 Slay-3 SInv}
 10648 | D        | Got the ring of Howuf {rC+ rN+}
 10650 | D        | Got the ring of Tender Moments {*Corrode +Blink rF++ Str+6
                  | Int+8}
 10656 | D        | Got the ring of Digolirch {Will+ Str+4 Dex+3}
 10658 | D        | Got the ring of the Republic {Fly AC+6 Int+4 Dex-5 Stlth+}
 10772 | D        | Noticed a Killer Klown
 10772 | D        | Noticed a deep elf master archer
 10772 | D        | Noticed a bone dragon
 10782 | D        | Received a gift from Sif Muna
 10784 | D        | Noticed a quicksilver dragon
 10785 | D        | Killed a bone dragon
 10786 | D        | Got Sif Muna's Papyrus of the Creative Birds {god gift}
 10786 | D        | Noticed a deep elf master archer
 10787 | D        | Killed a deep elf master archer
 10788 | D        | Killed a quicksilver dragon
 10789 | D        | Reached skill level 15 in Armour
 10789 | D        | Killed a deep elf master archer
 10789 | D        | Received a gift from Sif Muna
 10792 | D        | Killed a Killer Klown
 10807 | D        | Noticed a titan
 11075 | D        | Learned a level 8 spell: Lehudib's Crystal Spear
 11095 | D        | Reached skill level 1 in Staves
 11188 | D        | Received a gift from Sif Muna
 11224 | D        | Noticed an Ice Fiend
 11226 | D        | Killed an Ice Fiend
 11241 | D        | Received a gift from Sif Muna
 11265 | D        | Noticed a sphinx
 11270 | D        | Killed a sphinx
 11333 | D        | Learned a level 9 spell: Polar Vortex
 11380 | D        | Received a gift from Sif Muna
 11398 | D        | Got Myidwadu's Papyrus of Freezing Stolen Souls {god gift}
 11418 | D        | Noticed a sphinx
 11419 | D        | Noticed a Killer Klown
 11420 | D        | Noticed Locw the pandemonium lord
 11422 | D        | Killed a Killer Klown
 11423 | D        | Killed a sphinx
 11428 | D        | Noticed an Executioner
 11429 | D        | Noticed a deep elf blademaster
 11431 | D        | Killed a deep elf blademaster
 11431 | D        | Received a gift from Sif Muna
 11432 | D        | Reached XP level 18. HP: 116/116 MP: 24/47
 11432 | D        | Noticed a Tzitzimitl
 11433 | D        | Killed a Tzitzimitl
 11434 | D        | Noticed a Tzitzimitl
 11435 | D        | Noticed an Ice Fiend
 11435 | D        | Killed Locw the pandemonium lord
 11437 | D        | Got Sif Muna's Reference Book on Displacement {god gift}
 11570 | D        | Found the +8 frozen axe "Frostbite" {freezing cloud, *Noise
                  | Fly rC+}
 11597 | D        | Got the +2 cloak "Owoitr Atse" {-Tele rN+ Int+8}
 11667 | D        | Got the ring "Atasumme" {Fly rC+ rN+}
 11669 | D        | Got the ring "Ladosysu" {rPois Str+6 Int+4 Dex+4}
 11671 | D        | Got the amulet "Fewnouci" {Faith rF+ Str+2}
 11673 | D        | Got the amulet of Vuasuz {RegenMP Dex+3}
 11675 | D        | Got the ring of Foczudao {rPois rN++ rCorr Str+2 Int-5}
 11677 | D        | Got the amulet of Xudoaror {Faith Will- Int+8 Dex+3}
 11679 | D        | Got the amulet of Jazu {Acrobat rPois Int+2}
 11681 | D        | Got the ring of Mufemosku {rC+ Will+++ Str-4 SInv}
 11726 | D        | Killed a titan
 11922 | D        | Noticed Boris
 11924 | D        | Killed Boris
 11949 | D        | Noticed a pearl dragon
 11952 | D        | Killed a pearl dragon
 12001 | D        | Noticed a golden dragon
 12003 | D        | Killed a golden dragon
 12084 | D        | Noticed a titan
 12086 | D        | Killed a titan
 12136 | D        | Noticed a Tzitzimitl
 12138 | D        | Killed a Tzitzimitl
 12139 | D        | Reached skill level 15 in Fighting
 12271 | D        | Noticed an electric golem
 12273 | D        | Killed an electric golem
 12300 | D        | Noticed a royal mummy
 12304 | D        | Killed a royal mummy
 12475 | D        | Noticed an orb of fire
 12476 | D        | Gained mutation: You are clumsy. (Dex -2) [an orb of fire]
 12477 | D        | Killed an orb of fire
 12478 | D        | Reached skill level 27 in Spellcasting
 12531 | D        | Noticed a golden dragon
 12531 | D        | Noticed a golden dragon
 12531 | D        | Noticed a golden dragon
 12531 | D        | Noticed a golden dragon
 12533 | D        | Killed a golden dragon
 12533 | D        | Killed a golden dragon
 12533 | D        | Noticed a golden dragon
 12534 | D        | Reached skill level 27 in Fire Magic
 12551 | D        | Noticed a quicksilver dragon
 12554 | D        | Noticed a quicksilver dragon
 12555 | D        | Killed a quicksilver dragon
 12558 | D        | Killed a quicksilver dragon
 12560 | D        | Killed a golden dragon
 12561 | D        | Reached XP level 19. HP: 81/134 MP: 33/50
 12562 | D        | Killed a golden dragon
 12627 | D        | Killed a golden dragon
 12933 | D        | Reached skill level 27 in Earth Magic
 12962 | D        | Noticed a golden dragon
 12964 | D        | Noticed a golden dragon
 12966 | D        | Killed a golden dragon
 12967 | D        | Reached skill level 27 in Ice Magic
 12968 | D        | Noticed a golden dragon
 12969 | D        | Killed a golden dragon
 12975 | D        | Killed a golden dragon
 13000 | D        | Noticed a golden dragon
 13010 | D        | Killed a golden dragon
 13096 | D        | Reached skill level 27 in Fighting
 13110 | D        | Got the ring of the Bruised Realms {Fly Will+ rCorr Str+4
                  | Stlth+}
 13158 | D        | Got a golden rune of Zot
 13184 | D        | Got the Compendium of Articulation
 13194 | D        | Got the amulet of Lady Luck {rElec rF- Regen+ Str+6}
 13306 | D        | Reached skill level 5 in Staves
 13485 | D        | Noticed an ancient lich
 13487 | D        | Killed an ancient lich
 13681 | D        | Noticed a Brimstone Fiend
 13683 | D        | Killed a Brimstone Fiend
 13684 | D        | Reached skill level 15 in Invocations
 13747 | D        | Noticed the 27-headed Lernaean hydra
 13749 | D        | Killed the 27-headed Lernaean hydra
 13799 | D        | Noticed a Brimstone Fiend
 13801 | D        | Killed a Brimstone Fiend
 13875 | D        | Noticed an ancient lich
 13876 | D        | Killed an ancient lich
 13877 | D        | Reached XP level 20. HP: 157/157 MP: 43/51
 13886 | D        | Reached skill level 10 in Dodging
 13925 | D        | Reached skill level 10 in Staves
 14129 | D        | Noticed Wexior the pandemonium lord
 14132 | D        | Killed Wexior the pandemonium lord
 14327 | D        | Noticed Xtahua
 14329 | D        | Killed Xtahua
 14474 | D        | Noticed Posiczol the pandemonium lord
 14517 | D        | Killed Posiczol the pandemonium lord
 14876 | D        | Noticed a royal mummy
 14879 | D        | Killed a royal mummy
 14997 | D        | Noticed an ancient lich
 14999 | D        | Killed an ancient lich
 15154 | D        | Noticed Khufu
 15154 | D        | Noticed a royal mummy
 15156 | D        | Noticed a pearl dragon
 15157 | D        | Killed a royal mummy
 15157 | D        | Killed Khufu
 15157 | D        | Killed a pearl dragon
 15157 | D        | Killed a royal mummy
 15158 | D        | Reached skill level 15 in Evocations
 15296 | D        | Noticed a hellephant
 15298 | D        | Killed a hellephant
 15326 | D        | Noticed a pearl dragon
 15340 | D        | Killed a pearl dragon
 15743 | D        | Got the ring "Figg" {rCorr Str+7}
 15745 | D        | Got the ring of Xiofof {rPois Dex+3}
 15754 | D        | Got the amulet of Jiti {Reflect rF+ Str-4 Dex+7 SH+5}
 15757 | D        | Got an iron rune of Zot
 15759 | D        | Got the amulet "Ewnetudgh" {Reflect rN+ SH+5}
 15761 | D        | Got the amulet "Jyidgh" {rC+ rN+ Regen+}
 15763 | D        | Got the ring of Xuikewn {rPois Str+6 Int+6 Dex-5 Slay+2}
 15769 | D        | Got the ring "Pext" {rC++ rN+++ Will- rCorr Str+6}
 15774 | D        | Got the ring of Odemis {rElec Str+3 Dex+6}
 15776 | D        | Got the ring of Teoqo {rF- rN+ Will+ Str+6 Int+4}
 15953 | D        | Noticed an ancient lich
 15957 | D        | Killed an ancient lich
 16058 | D        | Reached skill level 15 in Dodging
 16060 | D        | Noticed Nikola
 16061 | D        | Noticed a pearl dragon
 16061 | D        | Noticed Frederick
 16062 | D        | Killed a pearl dragon
 16062 | D        | Killed Nikola
 16063 | D        | Killed Frederick
 16063 | D        | Noticed a royal mummy
 16064 | D        | Reached XP level 21. HP: 157/163 MP: 43/52
 16064 | D        | Noticed a curse toe
 16065 | D        | Killed a royal mummy
 16066 | D        | Reached skill level 27 in Armour
 16066 | D        | Killed a curse toe
 16208 | D        | Noticed an orb of fire
 16209 | D        | Noticed an orb of fire
 16213 | D        | Killed an orb of fire
 16214 | D        | Killed an orb of fire
 16224 | D        | Noticed a royal mummy
 16227 | D        | Killed a royal mummy
 16456 | D        | Noticed a royal mummy
 16457 | D        | Noticed Jory
 16458 | D        | Killed a royal mummy
 16458 | D        | Noticed an orb of fire
 16459 | D        | Noticed Poutzoma the pandemonium lord
 16460 | D        | Killed Jory
 16460 | D        | Noticed Ruotwimp the pandemonium lord
 16462 | D        | Killed an orb of fire
 16470 | D        | Noticed a royal mummy
 16476 | D        | Killed Ruotwimp the pandemonium lord
 16479 | D        | Killed a royal mummy
 16484 | D        | Noticed Geryon
 16487 | D        | Killed Poutzoma the pandemonium lord
 16494 | D        | Killed Geryon
 16566 | D        | Reached skill level 27 in Evocations
 16984 | D        | Reached XP level 22. HP: 169/169 MP: 53/53
 17119 | D        | Got the Orb of Zot
 17286 | D        | Reached skill level 10 in Stealth
 17348 | D        | Noticed a profane servitor
 17356 | D        | Killed a profane servitor
 17644 | D        | Escaped with the Orb!

Illustrated notes

Levels and vault maps discovered:
D:        pitsprint [storerooms_1, entrance_room_1, metal_vault_5, armoury_2,
          mini_pit_1, grid_room_1, main_hall_1, silver_pit, the_coven_2,
          the_vestibule_1, steel_vault_3, golden_pit, hallway_of_sentries,
          crystal_vault_2, iron_vault_3, final_vault]

Skill      XL: |  1  2  3  4  5  6  7  8  9 10 11 12 13 14 15 16 17 18 19 20 21 22 |
---------------+-------------------------------------------------------------------+-----
Ice Magic      | 5 7 8 9 11 12 13 15 16 17 20 24 27 | 27.0
Fighting       | 4 5 6 8 10 14 19 27 | 27.0
Spellcasting   | 4 5 6 7 8 10 12 13 14 18 22 24 25 27 | 27.0
Invocations    | 4 5 6 8 10 11 13 15 20 21 23 | 23.7
Conjurations   | 5 7 10 12 14 16 20 25 27 | 27.0
Earth Magic    | 5 11 14 15 16 18 24 27 | 27.0
Fire Magic     | 2 8 10 12 15 20 23 25 27 | 27.0
Evocations     | 5 8 10 12 18 27 | 27.0
Armour         | 2 6 12 19 20 21 26 27 | 27.0
Dodging        | 2 5 6 9 16 24 25 | 25.9
Staves         | 4 9 14 | 14.0
Stealth        | 6 14 | 14.1

Action                   |  1- 3 |  4- 6 |  7- 9 | 10-12 | 13-15 | 16-18 | 19-21 | 22-24 || total
-------------------------+-------+-------+-------+-------+-------+-------+-------+-------++-------
Melee: Quarterstaff      |    17 |    25 |     3 |     6 |    25 |       |       |       ||    76
       Lajatang          |       |       |       |       |     4 |     5 |    60 |       ||    69
       Staff             |       |       |       |       |       |       |     3 |    50 ||    53
 Cast: Freeze            |     3 |     6 |    17 |    14 |       |       |       |       ||    40
       Frozen Ramparts   |       |     4 |     8 |    12 |     1 |       |       |       ||    25
       Ozocubu's Armour  |       |     2 |     5 |     6 |     1 |       |       |       ||    14
       Hailstorm         |       |       |     5 |    12 |       |       |       |       ||    17
       Stone Arrow       |       |       |     5 |    24 |     8 |       |       |       ||    37
       Fire Storm        |       |       |       |     3 |     1 |    68 |    49 |     9 ||   130
       Starburst         |       |       |       |     1 |    18 |       |       |       ||    19
       Lee's Rapid Decon |       |       |       |     8 |    61 |     8 |       |       ||    77
       Iron Shot         |       |       |       |     4 |    78 |    21 |       |       ||   103
       Ignition          |       |       |       |     3 |     2 |       |     7 |       ||    12
       Lehudib's Crystal |       |       |       |     1 |     1 |    35 |   129 |    10 ||   176
       Freezing Cloud    |       |       |       |       |     7 |       |       |       ||     7
       Dragon's Call     |       |       |       |       |     2 |       |       |       ||     2
       Orb of Destructio |       |       |       |       |     2 |     3 |       |       ||     5
       Polar Vortex      |       |       |       |       |       |       |     2 |     1 ||     3
Invok: Divine Exegesis   |       |       |       |     7 |     6 |       |       |       ||    13
       Channel Magic     |       |       |       |     3 |    20 |    16 |     9 |     1 ||    49
       Forget Spell      |       |       |       |       |       |     1 |       |       ||     1
Evoke: Condenser vane    |       |       |       |       |     1 |       |     1 |       ||     2
  Use: Potion            |     1 |     3 |     2 |     8 |    13 |     2 |    10 |    12 ||    51
       Scroll            |       |     1 |     1 |     1 |     9 |     2 |       |       ||    14
 Stab: Sleeping          |       |     1 |       |       |       |       |       |       ||     1
Armor: Robe              |     8 |     9 |     8 |    37 |       |       |       |       ||    62
       Steam dragon scal |       |       |       |    23 |     7 |       |       |       ||    30
       Troll leather arm |       |       |       |       |    73 |    28 |       |       ||   101
       Plate armour      |       |       |       |       |       |    35 |   174 |   129 ||   338
Dodge: Dodged            |     8 |    23 |     7 |    55 |    93 |    28 |    63 |   146 ||   423
